 Dungeon Sprint DCSS version 0.18-a0-1788-g92de1ac (webtiles) character file.

4766 Kidiri the Covert (level 10, -17/49 (51) HPs)
             Began as a Spriggan Enchanter on Apr 19, 2016.
             Was a Believer of Dithmenos.
             Shot with an arrow by a deep elf master archer (30 damage)
             ... in the Dungeon (Sprint II: "The Violet Keep of Menkaure").
             The game lasted 00:06:35 (998 turns).

Kidiri the Covert (Spriggan Enchanter)               Turns: 998, Time: 00:06:35

HP:   -17/49 (51)   AC:  4    Str:  7    XL:     10   Next: 23%
MP:   23/26         EV: 30    Int: 18    God:    Dithmenos [**....]
Gold: 558           SH:  7    Dex: 19    Spells: 9 memorised, 6 levels left

rFire  + . .     SeeInvis +     k - +4 dagger "Razxicve" {venom, rPois rF+ Str+3}
rCold  . . .     Gourm    .     l - +2 robe {rN+}
rNeg   + . .     Faith    .     m - +0 buckler
rPois  +         Spirit   .     (helmet restricted)
rElec  .         Dismiss  .     (no cloak)
rCorr  .         Reflect  .     (gloves unavailable)
SustAt .         Harm     .     (boots unavailable)
MR     +....     NoTele   +     (no amulet)
Stlth  +++++++++.               (no ring)
                                (no ring)

@: wreathed by umbra, very quick, somewhat resistant to hostile enchantments,
incredibly stealthy
A: unfitting armour, see invisible, herbivore 3, speed 3, slow metabolism 2
a: Shadow Step, Renounce Religion


You were in the Dungeon.
You worshipped Dithmenos.
Dithmenos was pleased with you.
You were not hungry.

You visited 1 branch You collected 1296 gold pieces.
You spent 738 gold pieces at shops.

Inventory:

Hand Weapons
 k - the +4 dagger "Razxicve" (weapon) {venom, rPois rF+ Str+3}
   (You bought it in a shop in the Dungeon)

   It poisons the flesh of those it strikes.
   It affects your strength (+3).
   It protects you from fire.
   It protects you from poison.
Armour
 l - a +2 robe of positive energy (worn)
 m - a +0 buckler (worn)
Scrolls
 j - a scroll of blinking
Potions
 e - a potion of curing
 f - a potion of heal wounds
 g - 2 potions of haste
 h - a potion of magic
Comestibles
 d - a bread ration


   Skills:
 + Level 5.4 Fighting
 * Level 10.5 Short Blades
 + Level 4.9 Armour
 * Level 13.4 Dodging
 * Level 14.6 Stealth
 + Level 2.5 Shields
 * Level 11.5 Spellcasting
 + Level 3.9 Conjurations
 + Level 8.9 Hexes
 + Level 4.5 Transmutations
 + Level 4.3 Ice Magic
 + Level 3.2 Earth Magic
 + Level 2.4 Invocations


You had 6 spell levels left.
You knew the following spells:

 Your Spells              Type           Power        Failure   Level  Hunger
a - Corona                Hex            #####..      1%          1    None
b - Ensorcelled Hibernat  Hex/Ice        ####..       1%          2    None
c - Confuse               Hex            #####...     1%          3    None
d - Tukima's Dance        Hex            #####...     1%          3    None
e - Dazzling Spray        Conj/Hex       ####....     1%          3    None
f - Passwall              Trmt/Erth      ###.......   3%          2    None
g - Stone Arrow           Conj/Erth      ###...       10%         3    None
h - Petrify               Trmt/Erth      ###.....     21%         4    ##.....
i - Lee's Rapid Deconstr  Erth           ###.......   75%         5    ####...


Dungeon Overview and Level Annotations

Branches:
Dungeon (1/1)

Altars:
Cheibriados
Dithmenos
Elyvilon
Fedhas
Gozag
Kikubaaqudgha
Makhleb
Nemelex Xobeh
Okawaru
Pakellas
Qazlal
Ru
Sif Muna
Trog
Vehumet
Xom
Yredelemnul
Zin
The Shining One
Beogh
Jiyva
Lugonu

Shops:
D !%:[!?:=(=(=}:[!

Annotations:
D exclusion: oklob plant, Roxanne


Innate Abilities, Weirdness & Mutations

You are tiny and cannot use many weapons and most armour.
You have supernaturally acute eyesight.
You are a herbivore.
You cover ground extremely quickly.
You need consume almost no food.


Message History

The arrow hits you!
You start resting.
Magic restored.
You start resting.
HP restored.
You see here an arrow.
Casting: Confuse
Confirm with . or Enter, or press ? or * to list all spells.
Aiming: Confuse
Press: ? - help, Shift-Dir - straight line, f/p - deep elf master archer
Aim: a deep elf master archer, wielding a longbow and wearing a leather armour (chance to defeat MR: 8%)
The deep elf master archer resists with almost no effort.
The deep elf master archer shoots an arrow.
The arrow hits you!!!
Ouch! That really hurt!
* * * LOW HITPOINT WARNING * * *
The deep elf master archer shoots an arrow.
The arrow hits you!!
Ouch! That really hurt!
You die...

####+#### ##§§§≈§§§##
≈§§§§§§§≈##
≈§§≈§≈≈§S##++## #
§§§§§§§##≈...### #≈##
§≈S≈§ #e≈.....#
#≈≈#+++#+++#####@...#
≈≈≈.........#..'...(#
≈≈≈≈†##+##..#..####.#
≈≈≈≈##.#.##.####.%+.###
≈≈≈≈#.###.#....#.(#...####
≈≈####.#.####..#####..##)#


!?[!$ ≈##.###'###.##..#..+..#%%#▓$=?[(! ≈#...##.##.#§#..#.†#..#.%#▓$?%?!)
≈+##.'.<.'##.+..####..##.#▓%!$%!% You could see a deep elf master archer.

Vanquished Creatures
  3 griffons (D)
  A siren (D)
  2 spiny frogs (D)
  A yaktaur (D)
  3 polar bears (D)
  A blink frog (D)
  2 hippogriffs (D)
  3 yaks (D)
  4 neqoxecs (D)
  A wasp (D)
  4 necrophages (D)
  A crocodile (D)
26 creatures vanquished.

Vanquished Creatures (others)
  Menkaure (D)
  A crocodile (D)
2 creatures vanquished.

Grand Total: 28 creatures vanquished

Notes
Turn   | Place    | Note
--------------------------------------------------------------
     0 | D        | Kidiri the Spriggan Enchanter began the quest for the Orb.
     0 | D        | Reached XP level 1. HP: 9/9 MP: 5/5
     1 | D        | Noticed a hippogriff
     1 | D        | Noticed a hippogriff
     4 | D        | Noticed a necrophage
     4 | D        | Noticed a necrophage
     4 | D        | Noticed a necrophage
     4 | D        | Noticed a necrophage
    13 | D        | Killed a necrophage
    13 | D        | Reached skill level 1 in Fighting
    13 | D        | Reached skill level 1 in Armour
    13 | D        | Reached skill level 7 in Stealth
    13 | D        | Reached XP level 2. HP: 14/14 MP: 4/8
    13 | D        | Reached XP level 3. HP: 17/17 MP: 5/10
    13 | D        | Reached XP level 4. HP: 22/22 MP: 5/11
    20 | D        | Killed a necrophage
    20 | D        | Reached skill level 5 in Short Blades
    20 | D        | Reached skill level 8 in Stealth
    20 | D        | Reached skill level 5 in Hexes
    20 | D        | Reached XP level 5. HP: 24/24 MP: 5/14
    25 | D        | Killed a necrophage
    25 | D        | Reached skill level 9 in Stealth
    36 | D        | Killed a necrophage
    36 | D        | Reached XP level 6. HP: 17/30 MP: 6/17
    40 | D        | Learned a level 2 spell: Ensorcelled Hibernation
    44 | D        | Learned a level 3 spell: Confuse
    44 | D        | Killed Menkaure
    48 | D        | Learned a level 3 spell: Tukima's Dance
    52 | D        | Learned a level 3 spell: Dazzling Spray
   160 | D        | Noticed a siren
   163 | D        | Noticed a neqoxec
   182 | D        | Killed a hippogriff
   182 | D        | Reached skill level 10 in Stealth
   187 | D        | Killed a hippogriff
   187 | D        | Reached skill level 1 in Conjurations
   187 | D        | Reached skill level 1 in Ice Magic
   187 | D        | Reached XP level 7. HP: 20/34 MP: 1/19
   323 | D        | Killed a siren
   323 | D        | Reached skill level 10 in Dodging
   323 | D        | Reached skill level 11 in Stealth
   345 | D        | Killed a neqoxec
   345 | D        | Reached XP level 8. HP: 40/40 MP: 22/22
   347 | D        | Reached skill level 12 in Stealth
   434 | D        | Found Osibi's Antique Armour Shoppe.
   434 | D        | Found Diots's Distillery.
   451 | D        | Noticed Roxanne
   456 | D        | Found Woaxuosu's Book Shoppe.
   457 | D        | Found Kappij's Jewellery Emporium.
   458 | D        | Found Hecs's Jewellery Shoppe.
   459 | D        | Noticed a blink frog
   461 | D        | Killed a blink frog
   461 | D        | Reached skill level 10 in Spellcasting
   465 | D        | Found Aravublat's Antique Weapon Shoppe.
   465 | D        | Found Useuth's Gadget Emporium.
   467 | D        | Found Erikhlenk's Weapon Shoppe.
   467 | D        | Found Uzxyled's Jewellery Emporium.
   468 | D        | Found Cezuce's Book Shoppe.
   468 | D        | Found Puwirak's Magic Scroll Emporium.
   471 | D        | Found Ady Siom's Distillery.
   471 | D        | Found Simolah's Antique Armour Emporium.
   471 | D        | Noticed an oklob plant
   472 | D        | Found Tibam's Food Shoppe.
   472 | D        | Found Izxaclat's Distillery.
   472 | D        | Found Uhaogier's Book Shoppe.
   473 | D        | Noticed a death yak
   474 | D        | Bought a book of Geomancy for 455 gold pieces
   477 | D        | Learned a level 2 spell: Passwall
   481 | D        | Learned a level 3 spell: Stone Arrow
   486 | D        | Learned a level 4 spell: Petrify
   492 | D        | Learned a level 5 spell: Lee's Rapid Deconstruction
   502 | D        | Bought a warped dagger for 133 gold pieces
   502 | D        | Identified the +4 dagger "Razxicve" {venom, rPois rF+ Str+3} (You bought it in a shop in the Dungeon)
   507 | D        | Noticed a fire dragon
   511 | D        | Bought a runed robe for 20 gold pieces
   511 | D        | Bought a buckler for 130 gold pieces
   560 | D        | Found an opulent altar of Gozag.
   562 | D        | Found a shimmering altar of Xom.
   562 | D        | Found a radiant altar of Vehumet.
   562 | D        | Found a corrupted altar of Lugonu.
   569 | D        | Found a glowing golden altar of the Shining One.
   569 | D        | Found a sacrificial altar of Ru.
   570 | D        | Found a basalt altar of Yredelemnul.
   570 | D        | Found a sparkling altar of Nemelex Xobeh.
   570 | D        | Found a deep blue altar of Sif Muna.
   570 | D        | Found a blossoming altar of Fedhas.
   571 | D        | Found an oddly glowing altar of Pakellas.
   571 | D        | Found a bloodstained altar of Trog.
   571 | D        | Found a white marble altar of Elyvilon.
   572 | D        | Found a snail-covered altar of Cheibriados.
   572 | D        | Found a glowing silver altar of Zin.
   572 | D        | Found a burning altar of Makhleb.
   573 | D        | Found a shadowy altar of Dithmenos.
   573 | D        | Found a stormy altar of Qazlal.
   574 | D        | Found an ancient bone altar of Kikubaaqudgha.
   574 | D        | Found an iron altar of Okawaru.
   575 | D        | Noticed a yaktaur
   575 | D        | Noticed a polar bear
   576 | D        | Noticed a polar bear
   576 | D        | Noticed a polar bear
   577 | D        | Killed a polar bear
   577 | D        | Reached skill level 13 in Stealth
   577 | D        | Reached skill level 1 in Transmutations
   578 | D        | Killed a polar bear
   578 | D        | Reached skill level 1 in Earth Magic
   578 | D        | Reached XP level 9. HP: 44/44 MP: 24/24
   581 | D        | Killed a polar bear
   581 | D        | Reached skill level 1 in Shields
   583 | D        | Killed a yaktaur
   596 | D        | Found a viscous altar of Jiyva.
   596 | D        | Found a roughly hewn altar of Beogh.
   603 | D        | Became a worshipper of Dithmenos the Shadowed
   621 | D        | Reached skill level 5 in Fighting
   629 | D        | Reached * piety under Dithmenos
   629 | D        | Reached skill level 1 in Invocations
   714 | D        | Noticed a spiny frog
   714 | D        | Noticed a spiny frog
   716 | D        | Killed a spiny frog
   716 | D        | Reached skill level 10 in Short Blades
   716 | D        | Reached skill level 14 in Stealth
   718 | D        | Killed a spiny frog
   726 | D        | Noticed a deep elf master archer
   729 | D        | Noticed a griffon
   729 | D        | Noticed a griffon
   729 | D        | Noticed a griffon
   731 | D        | Killed a griffon
   731 | D        | Reached ** piety under Dithmenos
   731 | D        | Reached XP level 10. HP: 49/49 MP: 23/26
   734 | D        | Killed a griffon
   746 | D        | Killed a griffon
   998 | D        | Shot with an arrow by a deep elf master archer

Vault maps used:
D:        the_violet_keep_of_menkaure

Skill      XL: |  1  2  3  4  5  6  7  8  9 10 |
---------------+-------------------------------+-----
Fighting       | 1 2 3 4 5 |  5.4
Short Blades   | 4 5 6 7 8 9 10 | 10.5
Armour         | 1 2 3 4 |  4.9
Dodging        | 6 7 8 9 10 12 13 | 13.4
Stealth        | 7 8 9 10 11 13 14 | 14.6
Spellcasting   | 4 6 7 8 9 10 11 | 11.5
Hexes          | 4 5 6 7 8 |  8.9
Conjurations   | 1 2 3 |  3.9
Ice Magic      | 1 2 3 4 |  4.3
Transmutations | 1 4 |  4.5
Earth Magic    | 1 2 3 |  3.2
Shields        | 2 |  2.5
Invocations    | 2 |  2.4

Action                   |  1- 3 |  4- 6 |  7- 9 | 10-12 || total
-------------------------+-------+-------+-------+-------++-------
Melee: Dagger            |     7 |    33 |    25 |     9 ||    74
 Cast: Corona            |     1 |     1 |       |       ||     2
       Confuse           |       |     2 |     5 |     4 ||    11
       Ensorcelled Hiber |       |     2 |     4 |     3 ||     9
       Dazzling Spray    |       |     1 |     3 |       ||     4
       Tukima's Dance    |       |       |     2 |       ||     2
  Use: Potion            |     1 |       |     1 |       ||     2
 Stab: Confused          |       |     2 |     1 |     1 ||     4
       Sleeping          |       |       |    15 |     1 ||    16
       Invisible         |       |       |     2 |       ||     2
Armor: Robe              |       |     4 |       |       ||     4
Dodge: Dodged            |     3 |    25 |    15 |    11 ||    54
Block: Buckler           |       |       |     1 |     5 ||     6
